 Dungeon Crawl Stone Soup version 0.20.0-6-gd3061e9 (webtiles) character file.

1049 Hailrake the Skirmisher (level 8, -6/73 HPs)
             Began as a Minotaur Berserker on May 28, 2017.
             Was an Elder of Trog.
             Mangled by a two-headed ogre
             ... wielding a +0 dire flail
              (24 damage)
             ... on level 5 of the Dungeon.
             The game lasted 00:13:06 (4469 turns).

Hailrake the Skirmisher (Minotaur Berserker)        Turns: 4469, Time: 00:13:06

Health: -6/73      AC:  7    Str: 23    XL:     8   Next: 5%
Magic:  7/7        EV: 11    Int:  4    God:    Trog [****..]
Gold:   81         SH:  7    Dex: 11    Spells: 7/7 levels left

rFire    . . .     SeeInvis .   x - +0 flail (holy)
rCold    . . .     Gourm    .   v - +2 buckler
rNeg     . . .     Faith    .   y - +0 scale mail
rPois    .         Spirit   .   (helmet restricted)
rElec    .         Reflect  .   (no cloak)
rCorr    .         Harm     .   (no gloves)
MR       .....                  (no boots)
Stlth    ..........             (no amulet)
Regen    0.3/turn               (no ring)
MPRegen  0.1/turn               (no ring)

@: no status effects
A: retaliatory headbutt, horns 2
a: Berserk, Trog's Hand, Brothers in Arms, Burn Spellbooks, Renounce Religion


You were on level 5 of the Dungeon.
You worshipped Trog.
Trog was greatly pleased with you.
You were very full.

You visited 1 branch of the dungeon, and saw 5 of its levels.

You collected 237 gold pieces.
You spent 156 gold pieces at shops.

Inventory:

Hand Weapons
 a - a +0 mace
 x - a +0 flail of holy wrath (weapon)
Armour
 v - a +2 buckler (worn)
 y - a +0 scale mail (worn)
Scrolls
 d - 2 scrolls of amnesia {unknown}
 g - 2 scrolls of magic mapping {unknown}
 i - 2 scrolls of enchant armour {unknown}
 k - 2 scrolls of teleportation {unknown}
 p - 2 scrolls of fear {unknown}
 t - a scroll of remove curse {unknown}
 w - a scroll of noise {unknown}
Potions
 e - 2 potions of invisibility
 f - a potion of haste {unknown}
 j - 3 potions of brilliance
 n - 4 potions of heal wounds
 o - 2 potions of might {unknown}
 q - a potion of mutation {unknown}
 s - a potion of flight {unknown}
 u - 3 potions of agility {unknown}
Comestibles
 c - a bread ration
 h - 2 royal jellies
 l - a fruit
 r - 6 meat rations


   Skills:
 + Level 7.1 Fighting
 + Level 6.3 Maces & Flails
 + Level 6.0 Armour
 - Level 3.2 Dodging
 + Level 4.5 Shields


You had 7 spell levels left.
You didn't know any spells.

Dungeon Overview and Level Annotations

Branches:
Dungeon (5/15)             Temple (0/1) D:4

Altars:
Elyvilon
Sif Muna
Xom

Shops:
D:5 %


Innate Abilities, Weirdness & Mutations

You reflexively headbutt those who attack you in melee.
You have a pair of horns on your head.


Message History

You hit the two-headed ogre.
The two-headed ogre is heavily wounded.
The two-headed ogre hits you with a dire flail.
The two-headed ogre closely misses you.
You are too injured to fight recklessly!
You are too injured to fight recklessly!
You are too injured to fight recklessly!
You completely miss the two-headed ogre.
The two-headed ogre is heavily wounded.
The two-headed ogre hits you with a dire flail.
You block the two-headed ogre's attack.
Your scale mail prevents you from hitting the two-headed ogre.
You headbutt the two-headed ogre!
The two-headed ogre is severely wounded.
You barely miss the two-headed ogre.
The two-headed ogre is severely wounded.
The two-headed ogre hits you with a dire flail!
* * * LOW HITPOINT WARNING * * *
The two-headed ogre hits you with a giant club!!
You die...

#...†. .#.#..#
#..... ...#..#
####'# ##...#..#
#.. .....#..#.. ###
#....#..#..
#<...#..#..
#....#(O#.#.#
#....#.@#.#.#
##########
#.......#.#.#
#.........
#<#.###.#.#.#
#.########
#.........#.# #.#
#.#.###.###.###.###
#.#.# #.###.#.....#
#.#.###...#'#.###.#
#.#.....#.'∩'.# #.#
#.#####.###'### #.#


You could see a two-headed ogre.

Vanquished Creatures
  Grinder (D:3)
  Eustachio (D:4)
  A phantom (D:5)
  A scorpion (D:5)
  A howler monkey (D:4)
  2 hounds
  2 orc priests (D:4)
  6 orc wizards
  2 worker ants (D:4)
  An iguana (D:4)
  7 adders
  A shadow imp (D:5)
  2 adder skeletons (D:4)
  A worm (D:3)
  4 dart slugs
  3 leopard geckos (D:4)
  14 orcs
  4 giant cockroaches
  10 goblins
  8 hobgoblins
  8 jackals
  A quokka (D:2)
  A ball python (D:3)
  6 bats
  8 frilled lizards
  A jackal skeleton (D:5)
  7 kobolds
  7 rats
111 creatures vanquished.

Notes
Turn   | Place    | Note
-------+----------+-------------------------------------------
     0 | D:1      | Hailrake the Minotaur Berserker began the quest for the Orb.
     0 | D:1      | Reached XP level 1. HP: 19/19 MP: 0/0
    64 | D:1      | Reached skill level 4 in Fighting
   347 | D:1      | Reached XP level 2. HP: 21/27 MP: 1/1
  1069 | D:1      | Reached XP level 3. HP: 33/33 MP: 2/2
  1464 | D:1      | Found a shimmering altar of Xom.
  1488 | D:1      | Found a stormy altar of Qazlal.
  1488 | D:1      | Found an iron altar of Okawaru.
  1490 | D:1      | Found a sacrificial altar of Ru.
  1490 | D:1      | Found an ancient bone altar of Kikubaaqudgha.
  1490 | D:1      | Found a shimmering altar of Xom.
  1582 | D:2      | Reached ** piety under Trog
  1777 | D:2      | Reached XP level 4. HP: 29/41 MP: 3/3
  1968 | D:2      | Found a faded altar of an unknown god.
  2548 | D:3      | Reached XP level 5. HP: 47/47 MP: 4/4
  2581 | D:3      | Reached skill level 5 in Fighting
  2951 | D:3      | Noticed Grinder
  2964 | D:3      | Killed Grinder
  2964 | D:3      | Reached skill level 5 in Maces & Flails
  2964 | D:3      | Reached XP level 6. HP: 56/56 MP: 5/5
  3207 | D:4      | Reached *** piety under Trog
  3216 | D:4      | Found a staircase to the Ecumenical Temple.
  3413 | D:4      | Found a white marble altar of Elyvilon.
  3487 | D:4      | Reached skill level 5 in Armour
  3493 | D:4      | Reached XP level 7. HP: 39/62 MP: 6/6
  3598 | D:4      | Reached skill level 6 in Fighting
  3601 | D:4      | Noticed Eustachio
  3616 | D:4      | Killed Eustachio
  3940 | D:4      | Found a deep blue altar of Sif Muna.
  4139 | D:5      | Entered Level 5 of the Dungeon
  4157 | D:5      | Found Liru's Food Shop.
  4160 | D:5      | Bought a royal jelly for 26 gold pieces
  4160 | D:5      | Bought a meat ration for 65 gold pieces
  4160 | D:5      | Bought a meat ration for 65 gold pieces
  4264 | D:5      | Reached skill level 7 in Fighting
  4273 | D:5      | Reached XP level 8. HP: 45/73 MP: 7/7
  4373 | D:5      | Reached **** piety under Trog
  4461 | D:5      | Noticed a two-headed ogre
  4469 | D:5      | Mangled by a two-headed ogre

Skill      XL: |  1  2  3  4  5  6  7  8 |
---------------+-------------------------+-----
Fighting       | 4 5 7 |  7.1
Maces & Flails | 4 5 6 |  6.3
Armour         | 3 4 5 6 |  6.0
Dodging        | 3 |  3.2
Shields        | 2 3 4 |  4.5

Action                   |  1- 3 |  4- 6 |  7- 9 || total
-------------------------+-------+-------+-------++-------
Melee: Mace              |    96 |    58 |       ||   154
       Headbutt          |    13 |    19 |    15 ||    47
       Flail             |       |    41 |    93 ||   134
Invok: Berserk           |       |     2 |     2 ||     4
       Burn Spellbooks   |       |       |     1 ||     1
       Trog's Hand       |       |       |     1 ||     1
  Use: Scroll            |     2 |     2 |     3 ||     7
 Stab: Sleeping          |     1 |       |       ||     1
  Eat: Fruit             |     3 |       |       ||     3
       Bread ration      |     1 |     1 |     2 ||     4
       Royal jelly       |       |     1 |       ||     1
Armor: Animal skin       |    11 |       |       ||    11
       Ring mail         |     9 |    15 |       ||    24
       Scale mail        |       |    10 |    40 ||    50
Dodge: Dodged            |    67 |    36 |    66 ||   169
Block: Buckler           |       |    26 |    35 ||    61
